 Dungeon Crawl Stone Soup version 0.27.1-4-g1640c2035a (webtiles) character file.

Game seed: 7480091212300312849

5620 Stomo444 the Cudgeller (level 10, 0/53 HPs)
             Began as a Vine Stalker Monk on Nov 10, 2021.
             Was a Believer of Ru.
             Slain by a deep elf pyromancer (1 damage)
             ... on level 10 of the Dungeon.
             The game lasted 00:20:52 (8826 turns).

Stomo444 the Cudgeller (Vine Stalker Monk)          Turns: 8826, Time: 00:20:52

Health: 0/53       AC: 11    Str: 26    XL:     10   Next: 73%
Magic:  0/29       EV: 14    Int: 10    God:    Ru [**....]
Gold:   484        SH:  5    Dex: 17    Spells: 19/22 levels left

rFire    . . .     SeeInvis .   s - +1 whip (freeze)
rCold    . . .     Faith    .   (no shield)
rNeg     + . .     Spirit   +   F - +5 ring mail "Eromn" {rN+ Str+3}
rPois    .         Reflect  +   (no helmet)
rElec    .         Harm     .   (no cloak)
rCorr    .         Rampage  .   (no gloves)
Will     +....                  (no boots)
Stlth    ++........             n - amulet of reflection
HPRegen  1.17/turn              c - +6 ring of strength
MPRegen  0.21/turn              i - ring of magical power

@: wereblooded, unable to read
A: fangs 3, regeneration 1, magic shield, antimagic bite, no potion heal 2,
inability to read while threatened, no conjurations magic, no hexes magic, no
poison magic
a: Renounce Religion


You were on level 10 of the Dungeon.
You worshipped Ru.
Ru was pleased with you.
You visited 2 branches of the dungeon, and saw 11 of its levels.

You collected 484 gold pieces.

Inventory:

Hand Weapons
 a - a +0 mace
 f - a +0 mace of protection
 s - a +1 whip of freezing (weapon)
Missiles
 j - 230 stones (quivered)
Armour
 b - a +1 robe
 u - a +0 robe of resistance
 F - the +5 ring mail "Eromn" (worn) {rN+ Str+3}
   (You found it on level 8 of the Dungeon)

   Str:       It affects your strength (+3).
   rN:        It protects you from negative energy.
Jewellery
 c - a +6 ring of strength (left hand)
 g - a +6 ring of intelligence
 i - a ring of magical power (right hand)
 l - a ring of protection from fire
 n - an amulet of reflection (around neck)
 y - a ring of protection from cold
 I - the ring of Ufusaxta {rC++ Will+ rCorr}
   (You found it on level 9 of the Dungeon)

   [ring of resist corrosion]

   rC:        It greatly protects you from cold.
   rCorr:     It protects you from acid and corrosion.
   Will:      It increases your willpower.
Wands
 q - a wand of charming (9)
 w - a wand of iceblast (23)
 H - a wand of mindburst (18)
 J - a wand of flame (15)
Scrolls
 d - 5 scrolls of magic mapping
 e - 8 scrolls of identify
 k - 2 scrolls of teleportation
 m - a scroll of torment
 A - a scroll of fear {unknown}
 C - 2 scrolls of immolation {unknown}
 E - a scroll of enchant weapon
 G - a scroll of enchant armour
Potions
 h - a potion of attraction {unknown}
 o - 2 potions of haste
 p - 2 potions of cancellation {unknown}
 r - a potion of flight {unknown}
 t - a potion of mutation {unknown}
 v - a potion of ambrosia {unknown}
 x - 4 potions of brilliance
 z - 2 potions of lignification {unknown}
 B - a potion of resistance {unknown}
 D - a potion of curing


   Skills:
 - Level 6.8 Fighting
 - Level 6.9 Maces & Flails
 - Level 4.4 Armour
 - Level 6.2 Dodging
 - Level 2.4 Stealth
 + Level 6.5 Spellcasting
 + Level 5.2 Transmutations


You had 19 spell levels left.
You knew the following spells:

 Your Spells              Type           Power      Damage    Failure   Level
a - Wereblood             Tmut           13%        N/A       4%          2
b - Freeze                Ice            12%        1d4       28%         1

Your spell library contained the following spells:

 Spells                   Type           Power      Damage    Failure   Level
 Sublimation of Blood     Necr           1%         N/A       41%         2
 Frozen Ramparts          Ice            6%         1d2       65%         3
 Dispel Undead            Necr           3%         3d7       96%         4
 Summon Hydra             Summ           1%         N/A       100%        7
 Static Discharge         Conj/Air       Unusable   N/A       N/A         2
 Summon Guardian Golem    Hex/Summ       Unusable   N/A       N/A         3
 Hailstorm                Conj/Ice       Unusable   3d3       N/A         4
 Sticky Flame             Conj/Fire      Unusable   2d3       N/A         4
 Orb of Destruction       Conj           Unusable   N/A       N/A         7
 Spellforged Servitor     Conj/Summ      Unusable   N/A       N/A         7

Dungeon Overview and Level Annotations

Branches:
Dungeon (10/15)            Temple (1/1) D:5
   Lair: D:8-11         Orc: D:9-12

Altars:
Ashenzari
Cheibriados
Dithmenos
Elyvilon
Fedhas
Gozag
Hepliaklqana
Kikubaaqudgha
Makhleb
Nemelex Xobeh
Okawaru
Qazlal
Ru
Sif Muna
Trog
Uskayaw
Vehumet
Wu Jian
Xom
Yredelemnul
Zin
The Shining One

Shops:
D:1 :   D:7 :


Innate Abilities, Weirdness & Mutations

You have razor-sharp teeth.
Your natural rate of healing is unusually fast.
When hurt, damage is shared between your health and your magic reserves.
Your bite disrupts and absorbs the magic of your enemies.
Potions cannot restore your health.
You sometimes lose the ability to read scrolls when taking damage.
You cannot study or cast Conjurations magic.
You cannot study or cast Hexes magic.
You cannot study or cast Poison magic.


Message History

The deep elf pyromancer barely misses you.
You closely miss the deep elf pyromancer.
You bite the deep elf pyromancer!
The deep elf pyromancer's magic leaks into the air.
You drain its magic.
You feel invigorated.
The deep elf pyromancer is moderately wounded.
You block the fire elemental's attack. The fire elemental hits you.
The fire elemental burns you!
* * * LOW HITPOINT WARNING * * *
You hit the deep elf pyromancer. You freeze the deep elf pyromancer.
You bite the deep elf pyromancer!
The deep elf pyromancer's magic leaks into the air.
You drain its magic.
You feel invigorated.
The deep elf pyromancer is severely wounded.
The fire elemental hits you. The fire elemental burns you!
* * * LOW HITPOINT WARNING * * *
The fire elemental hits you. The fire elemental burns you!
* * * LOW HITPOINT WARNING * * *
The deep elf pyromancer gestures at you while chanting.
The sticky flame hits you!
You are covered in liquid flames!
* * * LOW HITPOINT WARNING * * *
You miss the deep elf pyromancer.
Your bite misses the deep elf pyromancer.
The deep elf pyromancer is severely wounded.
You are covered in liquid flames!
The fire elemental closely misses you. x2
The deep elf pyromancer hits you with a +0 dagger.
* * * LOW HITPOINT WARNING * * *
Unknown command.
You hit the deep elf pyromancer. You freeze the deep elf pyromancer.
Your bite misses the deep elf pyromancer.
The deep elf pyromancer is severely wounded.
You are covered in liquid flames!
* * * LOW HITPOINT WARNING * * *
The fire elemental hits you. The fire elemental burns you!
* * * LOW HITPOINT WARNING * * *
The fire elemental barely misses you.
The deep elf pyromancer hits you with a +0 dagger.
You die...

#####+#### ...<.....#
.>.......# ####
.........# ...
.........# ####.# #
.........####.##.##$#
###+#......'...EeE..#
#......##.##@##$#
#......#####.#
#......# ... #......#
##.## #......# #.#
#......# ... #......#
#.# #.#


You could see a deep elf pyromancer and 2 fire elementals.

Vanquished Creatures
  Erica (D:9)
  Maurice (D:8)
  A komodo dragon (D:10)
  A yak (D:10)
  3 water moccasins
  2 sky beasts (D:6)
  An acid dragon (D:8)
  4 orc warriors
  An ice beast (D:8)
  2 necrophages
  An ogre (D:4)
  4 centaurs
  5 phantoms
  2 kobold brigands
  3 bullfrogs
  4 gnoll sergeants
  2 scorpions (D:6)
  A water moccasin zombie (D:5)
  6 killer bees (D:9)
  8 wights
  A howler monkey (D:6)
  A bullfrog zombie (D:5)
  A centaur zombie (D:9)
  2 jellies
  2 iguanas
  A gnoll shaman (D:6)
  3 hounds (D:6)
  A scorpion zombie (D:5)
  4 orc wizards
  2 howler monkey zombies (D:9)
  31 gnolls
  6 adders
  A shadow imp (D:7)
  3 worms
  2 dart slugs
  20 orcs
  5 ball pythons
  7 endoplasms
  3 giant cockroaches
  6 hobgoblins
  2 jackals (D:2)
  4 quokkas
  2 bats
  7 frilled lizards
  7 goblins
  A jackal skeleton (D:2)
  12 kobolds
  4 rats
194 creatures vanquished.

Vanquished Creatures (others)
  A gnoll (D:9)
  3 plants (D:6)
4 creatures vanquished.

Grand Total: 198 creatures vanquished

Notes
Turn   | Place    | Note
-------+----------+-------------------------------------------
     0 | D:1      | Stomo444 the Vine Stalker Monk began the quest for the Orb.
     0 | D:1      | Reached XP level 1. HP: 11/11 MP: 2/2
   341 | D:1      | Reached XP level 2. HP: 12/16 MP: 3/3
   896 | D:1      | Found Mem Esown's Book Emporium.
  1295 | D:2      | Reached XP level 3. HP: 18/20 MP: 4/4
  1666 | D:2      | HP: 1/20 [dart slug/slug dart (1)]
  1668 | D:2      | Gained mutation: Your natural rate of healing is unusually
                  | fast. [Vine Stalker growth]
  1668 | D:2      | Reached XP level 4. HP: 2/24 MP: 4/5
  2751 | D:3      | Reached XP level 5. HP: 28/28 MP: 6/6
  2916 | D:3      | Noticed a necrophage
  2930 | D:3      | Killed a necrophage
  2999 | D:3      | Reached XP level 6. HP: 33/33 MP: 7/7
  3073 | D:3      | Found a faded altar of an unknown god.
  3511 | D:4      | Reached XP level 7. HP: 36/38 MP: 8/8
  4192 | D:5      | Entered Level 5 of the Dungeon
  4268 | D:5      | Found a staircase to the Ecumenical Temple.
  4285 | Temple   | Entered the Ecumenical Temple
  4447 | Temple   | Became a worshipper of Ru the Awakened
  4458 | Temple   | Gained mutation: You cannot study or cast Poison magic. [Ru
                  | sacrifice]
  4458 | Temple   | Gained mutation: You cannot study or cast Hexes magic. [Ru
                  | sacrifice]
  4458 | Temple   | Gained mutation: You cannot study or cast Conjurations
                  | magic. [Ru sacrifice]
  4458 | Temple   | Reached * piety under Ru
  4469 | Temple   | Learned a level 2 spell: Wereblood
  4612 | D:5      | Reached skill level 1 in Transmutations
  4723 | D:5      | Gained mutation: You have razor-sharp teeth. [Vine Stalker
                  | growth]
  4723 | D:5      | Reached XP level 8. HP: 33/42 MP: 15/15
  5056 | D:6      | Found an iron altar of Okawaru.
  5385 | D:6      | Reached skill level 5 in Spellcasting
  5487 | D:6      | Found a basalt altar of Yredelemnul.
  5554 | D:6      | Reached skill level 5 in Fighting
  5554 | D:6      | Reached skill level 5 in Maces & Flails
  5721 | D:7      | Found a broken altar of Ashenzari.
  5789 | D:6      | Reached skill level 5 in Dodging
  5789 | D:6      | Reached XP level 9. HP: 20/47 MP: 3/17
  6408 | D:7      | Found Kuti's Book Shoppe.
  6643 | D:7      | Gained mutation: You sometimes lose the ability to read
                  | scrolls when taking damage. [Ru sacrifice]
  6643 | D:7      | Reached ** piety under Ru
  7189 | D:8      | Found a bloodstained altar of Trog.
  7189 | D:8      | Found a snail-covered altar of Cheibriados.
  7189 | D:8      | Found a hazy altar of Hepliaklqana.
  7198 | D:8      | Noticed Maurice
  7218 | D:8      | Killed Maurice
  7286 | D:8      | Identified the +5 ring mail "Eromn" {rN+ Str+3}
  7770 | D:8      | Reached skill level 1 in Armour
  7770 | D:8      | Reached XP level 10. HP: 48/53 MP: 18/18
  7972 | D:9      | Identified the ring of Ufusaxta {rC++ Will+ rCorr}
  8664 | D:9      | Noticed Erica
  8668 | D:9      | Learned a level 1 spell: Freeze
  8680 | D:9      | Killed Erica
  8769 | D:10     | Entered Level 10 of the Dungeon
  8793 | D:10     | Reached skill level 5 in Transmutations
  8793 | D:10     | Noticed a deep elf pyromancer
  8826 | D:10     | HP: 1/53 [fire elemental[a deep elf pyromancer] (3)]
  8826 | D:10     | Slain by a deep elf pyromancer

Illustrated notes

Levels and vault maps discovered:
D:1:      erik_arrival_cave_to_civilisation [erik_arrival_cave_to_hall],
          layout_basic, serial_shops, nicolae_shop_waterfront,
          chequers_serial_rivers_small_b, hangedman_decor_lopped
D:2:      layout_basic, solitary_fountain
D:3:      layout_basic, shapermc_ecumenical_altar_mp_vishouse,
          grunt_ministairs_5, small_statue_intersection
D:4:      layout_loops_ring, minivault_24
D:5:      layout_cave_pools, minmay_temple_entry_grid
D:6:      layout_basic, amcnicky_altar_gilded, mainiacjoe_overflow_cross_hatched
D:7:      layout_rooms, ashenzari_conservatory_becter, serial_shops,
          nicolae_shop_stone
D:8:      layout_basic, gammafunk_temple_overflow_claw, uniq_maurice
D:9:      layout_irregular_city, st_stairs_9, kennysheep_generic_room_7,
          uniq_erica
D:10:     hangedman_cross_veins, layout_gridville, lair_entry_dummy,
          hiddenorc2_lemuel, nicolae_trove_entry_isolated, uniq_urug, uniq_grum
Temple:   eino_temple_scatter_basement

Skill      XL: |  1  2  3  4  5  6  7  8  9 10 |
---------------+-------------------------------+-----
Maces & Flails | 3 4 5 6 |  6.9
Fighting       | 3 4 5 6 |  6.8
Dodging        | 3 4 5 6 |  6.2
Spellcasting   | 4 5 6 |  6.5
Transmutations | 1 3 5 |  5.2
Armour         | 1 4 |  4.4
Stealth        | |  2.4

Action                   |  1- 3 |  4- 6 |  7- 9 | 10-12 || total
-------------------------+-------+-------+-------+-------++-------
Melee: Mace              |    84 |   117 |       |       ||   201
       Bite              |    19 |    52 |   170 |    80 ||   321
       Whip              |       |    40 |   408 |   183 ||   631
Throw: Stone             |       |     3 |       |       ||     3
 Cast: Wereblood         |       |       |    21 |     7 ||    28
       Freeze            |       |       |       |     1 ||     1
Invok: Sacrifice Arcana  |       |       |     1 |       ||     1
       Sacrifice Words   |       |       |     1 |       ||     1
  Use: Potion            |     3 |       |     1 |       ||     4
       Scroll            |       |     6 |     2 |       ||     8
 Stab: Sleeping          |     8 |     6 |     3 |       ||    17
       Distracted        |       |       |     1 |       ||     1
Armor: Robe              |     9 |    12 |    27 |       ||    48
       Ring mail         |       |       |     3 |    32 ||    35
Dodge: Dodged            |    64 |    77 |   229 |   110 ||   480
Block: Other             |       |       |    81 |    46 ||   127
       Reflection        |       |       |     4 |     2 ||     6
